 Dungeon Crawl Stone Soup version 0.20.0-8-g6b59dc7 (webtiles) character file.

595 SedStubbie the Sneak (level 7, -1/45 HPs)
             Began as an Octopode Hunter on June 2, 2017.
             Killed from afar by an orc wizard (6 damage)
             ... with a magic dart
             ... on level 5 of the Dungeon.
             The game lasted 00:10:04 (4296 turns).

SedStubbie the Sneak (Octopode Hunter)              Turns: 4296, Time: 00:10:05

Health: -1/45      AC:  1    Str: 12    XL:     7   Next: 40%
Magic:  7/7        EV: 16    Int: 13    God:
Gold:   255        SH:  0    Dex: 14    Spells: 6/6 levels left

rFire    . . .     SeeInvis +   b - +0 short sword
rCold    . . .     Gourm    .   (no shield)
rNeg     . . .     Faith    .   (helmet restricted)
rPois    .         Spirit   .   o - amulet of rage
rElec    .         Reflect  .   x - ring of stealth
rCorr    .         Harm     .   s - ring of see invisible
MR       .....     Clarity  +   (no ring)
Stlth    ++++++....             (no ring)
Regen    0.2/turn               (no ring)
MPRegen  0.1/turn               (no ring)
                                (no ring)
                                (no ring)

@: no status effects
A: almost no armour, stealthy swim, amphibious, 8 rings, constrict 8, tentacle
spike 1, camouflage 1, blink, clarity, high mp 1, gelatinous body 1, evolution 1
a: Blink, Evoke Berserk Rage


You were on level 5 of the Dungeon.
You were hungry.

You visited 1 branch of the dungeon, and saw 5 of its levels.

You collected 255 gold pieces.

Inventory:

Hand Weapons
 a - a +1 hunting sling
 b - a +0 short sword (weapon)
Missiles
 c - 102 sling bullets
 e - 140 stones (quivered)
Jewellery
 o - an amulet of rage (around mantle)
 s - a ring of see invisible (right tentacle)
 v - an uncursed ring of ice
 x - a ring of stealth (left tentacle)
Wands
 A - a wand of acid (7/15)
Scrolls
 g - 5 scrolls of identify {unknown}
 k - a scroll of immolation {unknown}
 m - 2 scrolls of fear {unknown}
 p - a scroll of recharging {unknown}
 r - a scroll of magic mapping {unknown}
 t - 5 scrolls of remove curse {unknown}
 w - 3 scrolls of teleportation {unknown}
 z - a scroll of blinking {unknown}
 R - a scroll of enchant armour {unknown}
 T - a scroll of fog {unknown}
Potions
 y - 2 potions of haste
 Q - 2 potions of curing
 S - a potion of flight
 U - a potion of lignification {unknown}
Comestibles
 d - 6 bread rations
 q - 3 fruits
 V - a chunk of flesh


   Skills:
 - Level 2.0 Fighting
 - Level 4.0 Slings
 + Level 5.9 Dodging
 + Level 7.6 Stealth


You had 6 spell levels left.
You didn't know any spells.

Dungeon Overview and Level Annotations

Branches:
Dungeon (5/15)
 Temple: D:4-7

Altars:
Cheibriados
Fedhas
Trog
Xom


Innate Abilities, Weirdness & Mutations

You cannot wear most types of armour.
You are very stealthy in the water. (Stealth+)
You are amphibious.
You can wear up to eight rings at the same time.
You can use your tentacles to constrict eight enemies at once.
Your skin changes colour to match your surroundings (Stealth+).
Your rubbery body absorbs attacks. (AC +1, EV +1)
One of your tentacles bears a spike.
You can translocate small distances at will.
You possess an exceptional clarity of mind.
You have an increased reservoir of magic. (+10% MP)
You evolve.


Message History

There is a stone staircase leading down, spattered with blood here.
The orc wizard gestures at you while chanting.
The puff of frost hits you!
* * * LOW HITPOINT WARNING * * *
The orc misses you. The orc wizard misses you.
You climb downwards.
The orc barely misses you.
The orc wizard gestures wildly while chanting.
The orc wizard blinks!
The orc misses you.
There is a stone staircase leading up here.
Okay, then.
You feel better. The orc wizard misses you. The orc barely misses you.
The orc wizard hits you with a dagger.
* * * LOW HITPOINT WARNING * * *
The orc misses you.
You blink.
You feel slightly more hungry.
The orc wizard casts a spell.
The orc wizard seems to speed up.
The orc wizard casts a spell at you. The magic dart hits you!
You die...

#.oh####.# #..###
#..?SZh..# #....
##..####.## #..# #.# #...#
######..#### #.
###...####...........
##.##§†.....##.####..####
......oooo....##.# #..####
..............##.####......
.###§###o.@............####
#.....#..####.#####.#
#####...## #.# #.# #####
#.#####.#### #...........
#######<.... ######


You could see 3 orc wizards and 2 orcs.

Vanquished Creatures
  An ogre (D:4)
  A phantom (D:4)
  A scorpion (D:4)
  A howler monkey (D:3)
  An orc priest (D:3)
  3 hounds (D:4)
  2 orc wizards
  Jessica (D:1)
  A worker ant (D:4)
  3 adders
  An ooze (D:3)
  A dart slug (D:1)
  2 leopard geckos
  8 orcs
  7 giant cockroaches
  8 goblins
  4 hobgoblins
  6 jackals
  9 kobolds
  2 quokkas (D:4)
  A ball python skeleton (D:5)
  7 bats
  6 frilled lizards
  A jackal skeleton (D:3)
  A leopard gecko skeleton (D:4)
  4 rats
83 creatures vanquished.

Notes
Turn   | Place    | Note
-------+----------+-------------------------------------------
     0 | D:1      | SedStubbie the Octopode Hunter began the quest for the Orb.
     0 | D:1      | Reached XP level 1. HP: 14/14 MP: 1/1
   305 | D:1      | Reached skill level 2 in Stealth
   316 | D:1      | Reached XP level 2. HP: 7/19 MP: 2/2
   918 | D:1      | Reached skill level 3 in Stealth
  1045 | D:2      | Noticed Jessica
  1061 | D:1      | Killed Jessica
  1061 | D:1      | Reached skill level 3 in Dodging
  1061 | D:1      | Reached XP level 3. HP: 9/24 MP: 3/3
  1515 | D:2      | Reached skill level 4 in Stealth
  1515 | D:2      | Reached XP level 4. HP: 29/29 MP: 4/4
  1856 | D:2      | Gained mutation: One of your tentacles bears a spike. [potion of mutation]
  1856 | D:2      | Gained mutation: You evolve. [potion of mutation]
  1856 | D:2      | Gained mutation: You have an increased reservoir of magic. (+10% MP) [potion of mutation]
  1856 | D:2      | Gained mutation: You can translocate small distances at will. [potion of mutation]
  1950 | D:3      | Reached XP level 5. HP: 31/34 MP: 5/5
  2044 | D:3      | Reached skill level 5 in Stealth
  2630 | D:4      | Reached XP level 6. HP: 35/39 MP: 6/6
  2788 | D:4      | Reached skill level 6 in Stealth
  3060 | D:4      | Gained mutation: You possess an exceptional clarity of mind. [evolution]
  3097 | D:4      | Reached skill level 7 in Stealth
  3097 | D:4      | Reached XP level 7. HP: 45/45 MP: 7/7
  3626 | D:4      | Found a bloodstained altar of Trog.
  3747 | D:4      | Found a snail-covered altar of Cheibriados.
  3753 | D:4      | Found a shimmering altar of Xom.
  3774 | D:4      | Found a blossoming altar of Fedhas.
  4222 | D:5      | Entered Level 5 of the Dungeon
  4296 | D:5      | Killed from afar by an orc wizard

Skill      XL: |  1  2  3  4  5  6 |
---------------+-------------------+-----
Stealth        | 2 3 4 5 7 |  7.6
Dodging        | 3 4 5 |  5.9
Fighting       | |  2.0
Slings         | |  4.0

Action                   |  1- 3 |  4- 6 |  7- 9 || total
-------------------------+-------+-------+-------++-------
Melee: Short sword       |    60 |    93 |    42 ||   195
       Constrict         |    17 |    26 |    11 ||    54
       Tentacles         |     8 |    20 |     7 ||    35
       Kick              |       |    17 |     8 ||    25
 Fire: Hunting sling     |     7 |     9 |     3 ||    19
Throw: Stone             |     8 |    10 |       ||    18
 Abil: Blink             |       |       |     4 ||     4
  Use: Potion            |       |     7 |     1 ||     8
 Stab: Sleeping          |     2 |    10 |     8 ||    20
  Eat: Chunk             |     2 |     4 |     4 ||    10
Armor: Skin              |    10 |     7 |     4 ||    21
Dodge: Dodged            |    71 |    66 |    42 ||   179
